 Dungeon Crawl Stone Soup version 0.28.0-53-g5a82cb258f (webtiles) character file.

Game seed: 15901250770379593589

31091 jiml777 the Thaumaturge (level 13, -23/104 HPs)
             Began as a Gnoll Air Elementalist on July 6, 2022.
             Was an Elder of Ashenzari.
             Annihilated by a minotaur
             ... wielding a +0 morningstar of flaming
              (29 damage)
             ... in a Gauntlet on July 7, 2022.
             The game lasted 02:00:41 (20421 turns).

jiml777 the Thaumaturge (Gnoll Air Elementalist)   Turns: 20421, Time: 02:00:41

Health: -23/104    AC: 10    Str:  7      XL:     13   Next: 55%
Magic:  21/40      EV: 20    Int: 16 (18) God:    Ashenzari [****..]
Gold:   637        SH:  0    Dex: 19      Spells: 0/35 levels left

rFire   + + .      SeeInvis +   D - +5 mace (protect)
rCold   . . .      Faith    .   (no shield)
rNeg    + . .      Spirit   .   p - +2 robe of the Manifest Malaise {Archmagi, Self, Evo} (curse)
rPois   .          Reflect  .   S - +0 hat "I Knew You'd Do That" {rElec MP+9, Evo, Fort} (curse)
rElec   +          Harm     .   s - +0 cloak of the Sublime Augur {Bglg, Range} (curse)
rCorr   +          Rampage  .   d - +2 pair of gloves of the Mantic Black Moon {Melee, Range} (curse)
Will    +++..      Archmagi +   G - +0 pair of boots of Supernal Understanding {Evo, Alch} (curse)
Stlth   +++++..... Clarity  +   t - amulet of the Unyielding Gaze {rF+ Regen+ rCorr, Melee, Cun} (curse)
HPRegen 1.07/turn  NoTele   +   w - ring of Bypulukk {rN+ Will+}
MPRegen 0.27/turn               v - ring "Ynilemn" {rF+ Dex+6}

@: hasted, very quick
A: fangs 1, strong nose, distributed training, horns 1, deformed body, dopey 1,
high MP 1, strong-willed 2, sense surroundings 1
a: Renounce Religion, Curse Item, Shatter the Chains


You were in a Gauntlet.
You worshipped Ashenzari.
Ashenzari was greatly pleased with you.
You visited 3 branches of the dungeon, and saw 15 of its levels.
You also visited: Ossuary and Gauntlet.

You collected 718 gold pieces.
You spent 81 gold pieces at shops.

Inventory:

Hand Weapons
 a - a +2 hand axe of electrocution
 D - a +5 mace of protection (weapon)
 I - a +3 vorpal shortbow
 N - the +8 dagger of Integrity {flame, rPois}
   (You found it on level 9 of the Dungeon)

   It burns those it strikes, dealing additional fire damage.
   rPois:     It protects you from poison.
 Z - the +7 longbow "Ratwuwogi" {vorpal, rN+ Dex+6}
   (You acquired it in a Gauntlet)

   Any ammunition fired from it inflicts extra damage upon your enemies.
   Dex:       It affects your dexterity (+6).
   rN:        It protects you from negative energy.
Missiles
 g - 52 bolts
 n - 280 stones
 A - 328 arrows
Armour
 b - the -2 hat of the Alchemist {rElec rPois rF+ rC+ rN+ Will+ rMut rCorr}
   (You acquired it in a Gauntlet)

   rF:        It protects you from fire.
   rC:        It protects you from cold.
   rElec:     It insulates you from electricity.
   rPois:     It protects you from poison.
   rN:        It protects you from negative energy.
   rCorr:     It protects you from acid and corrosion.
   rMut:      It protects you from mutation.
   Will:      It increases your willpower.
 d - the cursed +2 pair of gloves of the Mantic Black Moon (worn) {Melee, Range}
   (You found it on level 7 of the Dungeon)

   It has a curse which improves the following skills: Melee Combat: Short
   Blades, Long Blades, Axes, Maces & Flails, Polearms, Staves and Unarmed
   Combat.
   Ranged Combat: Slings, Bows, Crossbows and Throwing.
 p - the cursed +2 robe of the Manifest Malaise (worn) {Archmagi, Self, Evo}
   (You took it off a gnoll shaman on level 5 of the Dungeon)

   It has a curse which improves the following skills: Introspection: Fighting
   and Spellcasting.
   Evocations: Evocations.
 r - a +0 troll leather armour
 s - the cursed +0 cloak of the Sublime Augur (worn) {Bglg, Range}
   (You took it off Crazy Yiuf on level 6 of the Dungeon)

   It has a curse which improves the following skills: Beguiling: Conjurations,
   Hexes and Translocations.
   Ranged Combat: Slings, Bows, Crossbows and Throwing.
 F - an orb of mayhem
 G - the cursed +0 pair of boots of Supernal Understanding (worn) {Evo, Alch}
   (You found it on level 7 of the Dungeon)

   It has a curse which improves the following skills: Evocations: Evocations.
   Alchemy:   Poison Magic and Transmutations.
 S - the cursed +0 hat "I Knew You'd Do That" (worn) {rElec MP+9, Evo, Fort}
   (You acquired it on level 1 of the Lair of Beasts)

   rElec:     It insulates you from electricity.
   MP:        It affects your magic capacity (+9).
   It has a curse which improves the following skills: Evocations: Evocations.
   Fortitude: Armour and Shields.
Magical Staves
 C - a staff of air
 O - a staff of death
 Q - a staff of earth
Jewellery
 k - the ring "Qisuint" {rPois rF+ rN+ Str+2 Int-2 Stlth+}
   (You took it off a centaur on level 7 of the Dungeon)

   [ring of positive energy]

   Str:       It affects your strength (+2).
   Int:       It affects your intelligence (-2).
   rF:        It protects you from fire.
   rPois:     It protects you from poison.
   rN:        It protects you from negative energy.
   Stlth:     It makes you more stealthy.
 t - the cursed amulet of the Unyielding Gaze (around neck) {rF+ Regen+ rCorr, Melee, Cun}
   (You took it off a vampire on level 7 of the Dungeon)

   [amulet of regeneration]

   rF:        It protects you from fire.
   Regen:     It increases your rate of health regeneration.
   rCorr:     It protects you from acid and corrosion.
   It has a curse which improves the following skills: Melee Combat: Short
   Blades, Long Blades, Axes, Maces & Flails, Polearms, Staves and Unarmed
   Combat.
   Cunning:   Dodging and Stealth.
 v - the ring "Ynilemn" (right hand) {rF+ Dex+6}
   (You took it off an orc wizard on level 7 of the Dungeon)

   [ring of protection from fire]

   Dex:       It affects your dexterity (+6).
   rF:        It protects you from fire.
 w - the ring of Bypulukk (left hand) {rN+ Will+}
   (You took it off a deep elf pyromancer on level 7 of the Dungeon)

   [ring of willpower]

   rN:        It protects you from negative energy.
   Will:      It increases your willpower.
 T - a ring of protection from cold
Wands
 j - a wand of flame (63)
 m - a wand of iceblast (2)
 u - a wand of polymorph (9)
 y - a wand of acid (7)
 z - a wand of paralysis (6)
 L - a wand of mindburst (17)
 U - a wand of digging (5)
Scrolls
 c - a scroll of fog
 e - 3 scrolls of magic mapping
 f - 2 scrolls of brand weapon
 x - 5 scrolls of teleportation
 E - a scroll of fear
 J - a scroll of silence
 V - a scroll of enchant weapon
Potions
 h - 5 potions of cancellation
 i - 2 potions of magic
 l - 9 potions of brilliance
 o - 7 potions of curing
 q - 3 potions of might
 B - a potion of flight
 M - a potion of invisibility
 W - a potion of haste
Miscellaneous
 X - a phantom mirror


   Skills:
 + Level 8.4(10.4) Fighting
 + Level 8.4(11.4) Short Blades
 + Level 8.4(11.4) Long Blades
 + Level 8.4(11.4) Axes
 + Level 8.4(11.4) Maces & Flails
 + Level 8.4(11.4) Polearms
 + Level 8.4(11.4) Staves
 + Level 8.4(11.4) Slings
 + Level 8.4(11.4) Bows
 + Level 8.4(11.4) Crossbows
 + Level 8.4(11.4) Throwing
 + Level 8.4(10.4) Armour
 + Level 9.6(11.6) Dodging
 + Level 9.4(11.4) Stealth
 + Level 8.4(10.4) Shields
 + Level 8.4(11.4) Unarmed Combat
 + Level 9.8(11.8) Spellcasting
 + Level 7.3(9.4) Conjurations
 + Level 7.0(9.0) Hexes
 + Level 7.0 Summonings
 + Level 7.0 Necromancy
 + Level 7.0(9.0) Translocations
 + Level 7.0(9.0) Transmutations
 + Level 7.0 Fire Magic
 + Level 7.0 Ice Magic
 + Level 9.0 Air Magic
 + Level 7.0 Earth Magic
 + Level 7.0(9.0) Poison Magic
 + Level 9.2 Invocations
 + Level 8.4(12.3) Evocations


You couldn't memorise any spells.
You knew the following spells:

 Your Spells              Type           Power      Damage    Failure   Level
a - Shock                 Conj/Air       100%       1d9       1%          1
b - Static Discharge      Conj/Air       55%        N/A       1%          2
c - Swiftness             Air            55%        N/A       1%          3
d - Airstrike             Air            27%        N/A       1%          4
e - Summon Lightning Spi  Summ/Air       51%        N/A       2%          4
f - Lightning Bolt        Conj/Air       27%        1d44      4%          5
g - Conjure Ball Lightni  Conj/Air       27%        3x3d8     26%         6
h - Iskenderun's Battles  Conj           56%        2d11      4%          5
i - Fireball              Conj/Fire      26%        3d12      7%          5

Your spell library contained the following spells:

 Spells                   Type           Power      Damage    Failure   Level
 Sandblast                Erth           94%        2d19      1%          1
 Ensorcelled Hibernation  Hex/Ice        100%       N/A       1%          2
 Passwall                 Tmut/Erth      42%        N/A       1%          2
 Searing Ray              Conj           100%       2d8       1%          2
 Conjure Flame            Conj/Fire      52%        6-21      1%          3
 Dazzling Flash           Conj/Hex       100%       N/A       1%          3
 Spider Form              Tmut/Pois      55%        N/A       1%          3
 Stone Arrow              Conj/Erth      100%       3d13      1%          3
 Iskenderun's Mystic Bla  Conj/Tloc      55%        2d12      1%          4
 Passage of Golubria      Tloc           55%        N/A       1%          4
 Anguish                  Hex/Necr       25%        N/A       2%          4
 Starburst                Conj/Fire      26%        6d8       36%         6
 Orb of Destruction       Conj           28%        9d9       80%         7


Dungeon Overview and Level Annotations

Branches:
Dungeon (11/15)            Temple (1/1) D:6            Lair (3/6) D:9
  Swamp (0/4) Lair:2        Snake (0/4) Lair:2          Orc (0/2) D:11
Ossuary (visited)         Gauntlet (1/1)

Altars:
Ashenzari
Elyvilon
Fedhas
Gozag
Hepliaklqana
Qazlal
Vehumet
Xom
The Shining One

Shops:
D:5 *

Annotations:
Gauntlet 6 transporters


Innate Abilities, Weirdness & Mutations

You have very sharp teeth.
Your uncanny sense of smell can sniff out nearby items.
Your experience applies equally to all skills.
You have a pair of small horns on your head.
Armour fits poorly on your strangely shaped body.
You are dopey. (Int -2)
You have an increased reservoir of magic. (+10% MP)
You are highly strong-willed. (Will++)
You passively map a small area around you.


Message History

The minotaur burns you.
The minotaur gores you but does no damage.
Casting: Lightning Bolt (dangerous; 4% risk of failure)
Confirm with . or Enter, or press ? or * to list all spells.
Aiming: Lightning Bolt (dangerous; 4% risk of failure)
Press: ? - help, Shift-Dir - straight line You feel a surge of power!
You hear a mighty clap of thunder!
The bolt of lightning hits the minotaur!
The minotaur is moderately wounded.
The minotaur hits you with a +0 morningstar of flaming.
The minotaur gores you.
Casting: Lightning Bolt (dangerous; 4% risk of failure)
Confirm with . or Enter, or press ? or * to list all spells.
Aiming: Lightning Bolt (dangerous; 4% risk of failure)
Press: ? - help, Shift-Dir - straight line You feel a surge of power!
You hear a mighty clap of thunder!
The bolt of lightning hits the minotaur!!
The minotaur is heavily wounded.
The minotaur hits you with a +0 morningstar of flaming!
The minotaur barely misses you.
Casting: Lightning Bolt (dangerous; 4% risk of failure)
Confirm with . or Enter, or press ? or * to list all spells.
Aiming: Lightning Bolt (dangerous; 4% risk of failure)
Press: ? - help, Shift-Dir - straight line You feel a surge of power!
You hear a mighty clap of thunder!
The bolt of lightning hits the minotaur.
The minotaur is heavily wounded.
The minotaur hits you with a +0 morningstar of flaming!!!
* * * LOW HITPOINT WARNING * * *
The minotaur burns you.
* * * LOW HITPOINT WARNING * * *
The minotaur gores you.
* * * LOW HITPOINT WARNING * * *
Okay, then.
You feel yourself speed up.
The minotaur hits you with a +0 morningstar of flaming!!
You die...

#..#.# #####..#..
#≈8≈#..#..
*###*#...#..#©.
#...##.8.#..#=. ##*
#.#.##...#..#..
#.####.#....8.#..#.#
##'####.#.##...#..#u.
#.⌠.@##...##...#..### *
#..H∩##.#.##.©.#≈....
{+⌠....'.#......#∩§...
**#..⌠.##.#.##.©.#§§...
###+###...##...#§§### ∆
##.#.##...#..#h. *
*##.#....8.#..#R#
#.#.##...#..#E○
#...##.8.#..#)#


You could see a minotaur.

Vanquished Creatures
  A minotaur (Lair:2)
  A great orb of eyes (Gauntlet)
  The ghost of Pamiuf the Slicer, a journeyman KoSu of Ru (Lair:2)
  2 hydras
  2 two-headed ogres
  Sonja (Lair:2)
  4 skeletal warriors (D:11)
  Pikel (D:8)
  An orange crystal statue (Gauntlet)
  2 deep elf pyromancers (D:7)
  2 manticores
  An ugly thing (Gauntlet)
  A cyclops (D:7)
  A gargoyle (D:11)
  3 cane toads
  6 rime drakes (Lair:2)
  7 komodo dragons
  2 kobold demonologists (D:11)
  A komodo dragon (shapeshifter) (D:10)
  3 trolls (D:7)
  A polar bear (Lair:1)
  A blink frog (Lair:2)
  4 flying skulls (Gauntlet)
  A shadow (D:7)
  23 yaks
  5 wyverns
  A vampire (D:7)
  4 wraiths
  13 steam dragons
  2 basilisks (Lair:2)
  2 vampire mosquitoes (D:7)
  2 nagas (Lair:2)
  2 acid dragons
  6 water moccasins
  2 orc warriors
  A hornet zombie (D:7)
  3 black bears
  A sky beast (D:7)
  2 ice beasts
  3 necrophages
  3 wolves
  12 centaurs
  An ogre (D:5)
  3 kobold brigands
  4 bullfrogs
  2 gnoll sergeants
  3 scorpions
  9 killer bees (D:8)
  A water moccasin skeleton (D:6)
  13 wights
  A howler monkey (D:7)
  2 electric eels (Lair:2)
  3 orc priests
  3 centaur zombies
  6 hounds
  2 jellies
  A gnoll shaman (D:5)
  A centaur skeleton (D:7)
  Crazy Yiuf (D:6)
  2 iguanas (D:7)
  8 orc wizards
  A killer bee zombie (D:7)
  2 howler monkey zombies
  3 gnolls (D:11)
  7 adders
  A howler monkey skeleton (D:7)
  3 shadow imps (D:7)
  2 white imps (D:6)
  An ufetubus (D:4)
  4 adder skeletons
  2 worms
  2 dart slugs
  20 orcs
  11 endoplasms
  2 giant cockroaches
  4 goblins
  9 hobgoblins
  4 jackals (D:2)
  11 kobolds
  4 quokkas
  5 ball pythons
  A ball python skeleton (Ossuary)
  4 bats (D:1)
  6 frilled lizards
  2 hobgoblin zombies (Ossuary)
  2 kobold zombies (Ossuary)
  An orc skeleton (Ossuary)
  An orc zombie (Ossuary)
  3 rats
321 creatures vanquished.

Vanquished Creatures (collateral kills)
  3 orcs (D:11)
3 creatures vanquished.

Vanquished Creatures (others)
  A rime drake (Lair:2)
  A bush (Lair:2)
  19 fungi
  39 plants
60 creatures vanquished.

Grand Total: 384 creatures vanquished

Notes
Turn   | Place    | Note
-------+----------+-------------------------------------------
     0 | D:1      | jiml777 the Gnoll Air Elementalist began the quest for the
                  | Orb.
     0 | D:1      | Reached XP level 1. HP: 13/13 MP: 6/6
   420 | D:1      | Reached XP level 2. HP: 19/19 MP: 4/7
   515 | D:1      | Learned a level 2 spell: Static Discharge
  1141 | D:1      | Found a faded altar of an unknown god.
  1426 | D:2      | Reached XP level 3. HP: 25/25 MP: 5/9
  1473 | D:2      | Reached skill level 5 in Spellcasting
  1853 | D:2      | Reached skill level 1 in Invocations
  2234 | D:2      | Reached skill level 1 in Fighting
  2234 | D:2      | Reached skill level 1 in Short Blades
  2234 | D:2      | Reached skill level 1 in Long Blades
  2234 | D:2      | Reached skill level 1 in Axes
  2234 | D:2      | Reached skill level 1 in Maces & Flails
  2234 | D:2      | Reached skill level 1 in Polearms
  2234 | D:2      | Reached skill level 1 in Staves
  2234 | D:2      | Reached skill level 1 in Slings
  2234 | D:2      | Reached skill level 1 in Bows
  2234 | D:2      | Reached skill level 1 in Crossbows
  2234 | D:2      | Reached skill level 1 in Throwing
  2234 | D:2      | Reached skill level 1 in Armour
  2234 | D:2      | Reached skill level 1 in Shields
  2234 | D:2      | Reached skill level 1 in Unarmed Combat
  2234 | D:2      | Reached skill level 1 in Evocations
  2239 | D:2      | Reached XP level 4. HP: 32/32 MP: 2/11
  2390 | D:2      | Reached skill level 1 in Hexes
  2390 | D:2      | Reached skill level 1 in Summonings
  2390 | D:2      | Reached skill level 1 in Necromancy
  2390 | D:2      | Reached skill level 1 in Translocations
  2390 | D:2      | Reached skill level 1 in Transmutations
  2390 | D:2      | Reached skill level 1 in Fire Magic
  2390 | D:2      | Reached skill level 1 in Ice Magic
  2390 | D:2      | Reached skill level 1 in Earth Magic
  2390 | D:2      | Reached skill level 1 in Poison Magic
  2928 | D:3      | Reached XP level 5. HP: 37/37 MP: 8/12
  3915 | D:4      | Reached XP level 6. HP: 24/44 MP: 9/13
  4243 | D:4      | Reached skill level 5 in Dodging
  4559 | D:5      | Entered Level 5 of the Dungeon
  4786 | D:5      | Found Dutuime's Assorted Antiques.
  4797 | D:5      | Reached XP level 7. HP: 39/50 MP: 15/15
  5040 | D:5      | Learned a level 3 spell: Swiftness
  5047 | D:5      | Learned a level 4 spell: Airstrike
  5225 | D:5      | Found a hazy altar of Hepliaklqana.
  5226 | D:5      | Found a shimmering altar of Xom.
  5226 | D:5      | Found a glowing golden altar of the Shining One.
  5227 | D:5      | Found an opulent altar of Gozag.
  5470 | D:5      | Bought a scroll labelled KEDWUSO MEENOA for 27 gold pieces
  5470 | D:5      | Bought a scroll labelled CINTIENIBE for 27 gold pieces
  5470 | D:5      | Bought a scroll labelled DUELAG ZAOMIWA for 27 gold pieces
  5472 | D:5      | Acquired a book of Storms
  5650 | D:5      | Reached skill level 5 in Stealth
  6477 | D:6      | Found a runed translucent door.
  6478 | D:6      | Noticed Crazy Yiuf
  6485 | D:6      | Killed Crazy Yiuf
  6486 | D:6      | Reached XP level 8. HP: 57/57 MP: 16/16
  7415 | D:6      | Found a staircase to the Ecumenical Temple.
  7421 | Temple   | Entered the Ecumenical Temple
  7428 | Temple   | Became a worshipper of Ashenzari the Shackled
  7467 | D:6      | Found a radiant altar of Vehumet.
  7893 | D:7      | Found a sand-covered staircase.
  7901 | Ossuary  | Entered an ossuary
  8275 | Ossuary  | Noticed a flying skull
  8275 | Ossuary  | Noticed a wraith
  8288 | Ossuary  | Noticed a flying skull
  8295 | Ossuary  | Noticed a flying skull
  8412 | Ossuary  | Noticed a flying skull
  8429 | Ossuary  | Noticed a flying skull
  8433 | Ossuary  | Noticed a wraith
  8444 | Ossuary  | Killed a wraith
  8445 | Ossuary  | Reached XP level 9. HP: 40/65 MP: 13/19
  9527 | D:7      | Noticed a troll
  9586 | D:7      | Killed a troll
  9855 | D:7      | Reached * piety under Ashenzari
 10172 | D:7      | Reached skill level 5 in Invocations
 10433 | D:7      | Noticed a troll
 10474 | D:7      | Killed a troll
 10475 | D:7      | Reached XP level 10. HP: 23/75 MP: 2/21
 11055 | D:7      | Reached skill level 5 in Fighting
 11055 | D:7      | Reached skill level 5 in Short Blades
 11055 | D:7      | Reached skill level 5 in Long Blades
 11055 | D:7      | Reached skill level 5 in Axes
 11055 | D:7      | Reached skill level 5 in Maces & Flails
 11055 | D:7      | Reached skill level 5 in Polearms
 11055 | D:7      | Reached skill level 5 in Staves
 11055 | D:7      | Reached skill level 5 in Slings
 11055 | D:7      | Reached skill level 5 in Bows
 11055 | D:7      | Reached skill level 5 in Crossbows
 11055 | D:7      | Reached skill level 5 in Throwing
 11055 | D:7      | Reached skill level 5 in Armour
 11055 | D:7      | Reached skill level 5 in Shields
 11055 | D:7      | Reached skill level 5 in Unarmed Combat
 11055 | D:7      | Reached skill level 5 in Evocations
 11231 | D:7      | Identified the ring "Qisuint" {rPois rF+ rN+ Str+2 Int-2
                  | Stlth+}
 11729 | D:7      | Identified the amulet "Trusted Companion" {rF+ Regen+
                  | rCorr}
 12078 | D:7      | Identified the ring "Ynilemn" {rF+ Dex+6}
 12119 | D:7      | Noticed a deep elf pyromancer
 12119 | D:7      | Noticed a cyclops
 12126 | D:7      | Learned a level 4 spell: Summon Lightning Spire
 12132 | D:7      | Learned a level 5 spell: Lightning Bolt
 12163 | D:7      | Killed a cyclops
 12259 | D:7      | Found a runed translucent door.
 12283 | D:7      | Reached skill level 5 in Conjurations
 12305 | D:7      | Identified the ring of Bypulukk {rN+ Will+}
 12305 | D:7      | Noticed a deep elf pyromancer
 12312 | D:7      | Killed a deep elf pyromancer
 12390 | D:7      | Killed a deep elf pyromancer
 12745 | D:8      | Noticed Pikel
 12748 | D:8      | Killed Pikel
 12749 | D:8      | Reached XP level 11. HP: 83/83 MP: 10/23
 12852 | D:8      | Reached skill level 5 in Hexes
 12852 | D:8      | Reached skill level 5 in Summonings
 12852 | D:8      | Reached skill level 5 in Necromancy
 12852 | D:8      | Reached skill level 5 in Translocations
 12852 | D:8      | Reached skill level 5 in Transmutations
 12852 | D:8      | Reached skill level 5 in Fire Magic
 12852 | D:8      | Reached skill level 5 in Ice Magic
 12852 | D:8      | Reached skill level 5 in Earth Magic
 12852 | D:8      | Reached skill level 5 in Poison Magic
 13078 | D:8      | Found a stormy altar of Qazlal.
 13871 | D:8      | Reached ** piety under Ashenzari
 14122 | D:9      | Found a staircase to the Lair.
 14199 | D:9      | Identified the +8 dagger of Integrity {flame, rPois}
 14769 | D:10     | Entered Level 10 of the Dungeon
 14884 | D:10     | Noticed a two-headed ogre
 14892 | D:10     | Killed a two-headed ogre
 15238 | D:10     | Reached *** piety under Ashenzari
 15258 | D:10     | Found a blossoming altar of Fedhas.
 15319 | D:10     | Noticed a manticore
 15324 | D:10     | Killed a manticore
 15949 | D:11     | Noticed a skeletal warrior
 15949 | D:11     | Noticed a skeletal warrior
 15949 | D:11     | Noticed a skeletal warrior
 15949 | D:11     | Noticed a skeletal warrior
 15951 | D:11     | Killed a skeletal warrior
 15966 | D:11     | Noticed a manticore
 15974 | D:11     | Killed a skeletal warrior
 15978 | D:11     | Killed a skeletal warrior
 15979 | D:11     | Reached XP level 12. HP: 52/94 MP: 5/26
 16061 | D:11     | Noticed a two-headed ogre
 16124 | D:11     | Killed a two-headed ogre
 16383 | D:11     | Found a staircase to the Orcish Mines.
 16431 | D:11     | Noticed a sun demon
 16917 | Lair:1   | Entered Level 1 of the Lair of Beasts
 16922 | Lair:1   | Acquired the +0 hat "Poadahew" {rElec MP+9}
 17119 | Lair:1   | Reached **** piety under Ashenzari
 17243 | Lair:1   | Acquired Kempaus's Tome of Dislocation and Attacks
 17252 | Lair:1   | Learned a level 6 spell: Conjure Ball Lightning
 17435 | Lair:1   | Noticed a five-headed hydra
 17452 | Lair:1   | Killed a five-headed hydra
 18043 | Lair:2   | Noticed a four-headed hydra
 18053 | Lair:2   | Killed a four-headed hydra
 18095 | Lair:2   | Found a staircase to the Swamp.
 18213 | Lair:2   | Found a staircase to the Snake Pit.
 18251 | Lair:2   | Noticed Pamiuf's ghost (journeyman KoSu)
 18253 | Lair:2   | Noticed a minotaur
 18268 | Lair:2   | Found a runed translucent gate.
 18268 | Lair:2   | Found a runed translucent gate.
 18268 | Lair:2   | Found a runed translucent gate.
 18432 | Lair:2   | Killed Pamiuf's ghost
 18470 | Lair:2   | Reached XP level 13. HP: 103/103 MP: 25/28
 18593 | Lair:2   | Killed a minotaur
 19215 | Lair:2   | Noticed Sonja
 19243 | Lair:2   | Killed Sonja
 19763 | Lair:3   | Found a gate leading to a gauntlet.
 19772 | Gauntlet | Entered a Gauntlet
 19772 | Gauntlet | Found a transporter.
 19772 | Gauntlet | Found a transporter.
 19773 | Gauntlet | Found a transporter.
 19776 | Gauntlet | Found a transporter.
 19776 | Gauntlet | Found a transporter.
 19777 | Gauntlet | Found a transporter.
 19781 | Gauntlet | Identified the amulet of Compulsion {Faith Int+7}
 19788 | Gauntlet | Found a transporter.
 19788 | Gauntlet | Noticed a blizzard demon
 19792 | Gauntlet | Found a transporter.
 19802 | Gauntlet | Found a transporter.
 19802 | Gauntlet | Identified the ring of Ruyrir {Will+ Dex+5}
 19802 | Gauntlet | Identified the +11 dire flail "Dragonbane" {distort, Drain
                  | rElec Str+2}
 19809 | Gauntlet | Found a transporter.
 19824 | Gauntlet | Noticed a great orb of eyes
 19826 | Gauntlet | Found a transporter.
 19830 | Gauntlet | Found a transporter.
 19992 | Gauntlet | Acquired the +7 longbow "Ratwuwogi" {vorpal, rN+ Dex+6}
 19997 | Gauntlet | Gained mutation: Your spells are a little easier to cast,
                  | but a little less powerful. [potion of mutation]
 19997 | Gauntlet | Gained mutation: Armour fits poorly on your strangely
                  | shaped body. [potion of mutation]
 19997 | Gauntlet | Gained mutation: Your system is resistant to poisons.
                  | (rPois) [potion of mutation]
 19998 | Gauntlet | Lost mutation: Your spells are a little easier to cast, but
                  | a little less powerful. [potion of mutation]
 19998 | Gauntlet | Lost mutation: Your system is resistant to poisons. (rPois)
                  | [potion of mutation]
 19998 | Gauntlet | Gained mutation: You have a pair of small horns on your
                  | head. [potion of mutation]
 19998 | Gauntlet | Gained mutation: You have a pair of horns on your head.
                  | [potion of mutation]
 19998 | Gauntlet | Gained mutation: You have hidden genetic potential. [potion
                  | of mutation]
 19998 | Gauntlet | Gained mutation: You passively map a small area around you.
                  | [potion of mutation]
 19999 | Gauntlet | Lost mutation: You have a pair of horns on your head.
                  | [potion of mutation]
 19999 | Gauntlet | Lost mutation: You have hidden genetic potential. [potion
                  | of mutation]
 19999 | Gauntlet | Gained mutation: You are dopey. (Int -2) [potion of
                  | mutation]
 19999 | Gauntlet | Gained mutation: You are strong-willed. (Will+) [potion of
                  | mutation]
 19999 | Gauntlet | Gained mutation: You have an increased reservoir of magic.
                  | (+10% MP) [potion of mutation]
 19999 | Gauntlet | Gained mutation: You are highly strong-willed. (Will++)
                  | [potion of mutation]
 20000 | Gauntlet | Acquired the -2 hat of the Alchemist {rElec rPois rF+ rC+
                  | rN+ Will+ rMut rCorr}
 20000 | Gauntlet | Found the -2 hat of the Alchemist {rElec rPois rF+ rC+ rN+
                  | Will+ rMut rCorr}
 20002 | Gauntlet | Acquired a book of the Spheres
 20012 | Gauntlet | Learned a level 5 spell: Iskenderun's Battlesphere
 20018 | Gauntlet | Learned a level 5 spell: Fireball
 20270 | Gauntlet | Killed a great orb of eyes
 20410 | Gauntlet | Identified the ring of Wyril {MP+9 Slay+2}
 20410 | Gauntlet | Noticed a minotaur
 20420 | Gauntlet | HP: 5/104 [minotaur/+0 morningstar of flaming (1)]
 20421 | Gauntlet | Annihilated by a minotaur

Illustrated notes

Levels and vault maps discovered:
D:1:      wander_arrival_lonely_grave, layout_basic,
          ebering_ecumenical_altar_mist
D:2:      layout_rooms
D:3:      layout_rooms
D:4:      layout_loops_corners, nrook_loot_triangle, minivault_19
D:5:      layout_basic, chequers_temple_overflow_statue_of_worship,
          chequers_serial_rivers_micro_a, kennysheep_windowed_goal
D:6:      layout_rooms, mainiacjoe_overflow_24_doors, minmay_temple_entry_hall,
          minmay_misc_feat_x, nrook_mini_vaults, minmay_misc_feat_encased,
          minmay_misc_feat_rugged, uniq_crazy_yiuf_cottage
D:7:      minmay_the_grid_triangle_9x9_rhombus_full
          [minmay_the_grid_triangle_9x9_impossible_snake,
          minmay_the_grid_triangle_9x9_cache,
          minmay_the_grid_triangle_9x9_steps,
          minmay_the_grid_triangle_9x9_windchime,
          minmay_the_grid_triangle_9x9_sparse_checkered,
          minmay_the_grid_triangle_9x9_subtriangle,
          minmay_the_grid_triangle_9x9_dagger,
          minmay_the_grid_triangle_9x9_prize_special], layout_gridville,
          nicolae_ossuary_entry_monument, minmay_chambers_of_fives
D:8:      layout_basic, nicolae_qazlal_general_emergency, uniq_pikel
D:9:      layout_irregular_city, dpeg_oklobed_lair
D:10:     layout_loops_cross, mainiacjoe_overflow_alcove_2
D:11:     layout_rooms, orc_0_dummy, kennysheep_small_circle
Temple:   regret_index_temple_waves
Lair:1:   layout_chaotic_city, serial_bayou_shore_b
Lair:2:   layout_regular_city, minmay_swamp_entry_eels,
          guppyfry_snake_entry_garden, maelrawn_ghost_gauntlet_escape,
          minivault_11, minmay_hedge_maze, bobbens_dragon_lair_wall, uniq_sonja
Lair:3:   layout_cave_pods, gauntlet_entry_generic, infiniplex_staircase_pool_2
Gauntlet: gammafunk_gauntlet_hard_choice [nicolae_gauntlet_arena_x,
          gammafunk_gauntlet_arena_chambers, gammafunk_gauntlet_arena_hedges,
          nicolae_gauntlet_swirl, gammafunk_gauntlet_arena_grid,
          nicolae_gauntlet_arena_blocks, gauntlet_exit_hidden_loot]

Skill      XL: |  1  2  3  4  5  6  7  8  9 10 11 12 13 |
---------------+----------------------------------------+-----
Conjurations   | 2 3 4 5 6 7 |  7.3
Spellcasting   | 5 6 7 8 9 |  9.8
Invocations    | 1 2 3 4 5 6 7 8 9 |  9.2
Fighting       | 1 2 3 4 5 6 7 8 |  8.4
Short Blades   | 1 2 3 4 5 6 7 8 |  8.4
Long Blades    | 1 2 3 4 5 6 7 8 |  8.4
Axes           | 1 2 3 4 5 6 7 8 |  8.4
Maces & Flails | 1 2 3 4 5 6 7 8 |  8.4
Polearms       | 1 2 3 4 5 6 7 8 |  8.4
Staves         | 1 2 3 4 5 6 7 8 |  8.4
Slings         | 1 2 3 4 5 6 7 8 |  8.4
Bows           | 1 2 3 4 5 6 7 8 |  8.4
Crossbows      | 1 2 3 4 5 6 7 8 |  8.4
Throwing       | 1 2 3 4 5 6 7 8 |  8.4
Armour         | 1 2 3 4 5 6 7 8 |  8.4
Shields        | 1 2 3 4 5 6 7 8 |  8.4
Unarmed Combat | 1 2 3 4 5 6 7 8 |  8.4
Evocations     | 1 2 3 4 5 6 7 8 |  8.4
Hexes          | 1 2 3 4 5 6 7 |  7.0
Summonings     | 1 2 3 4 5 6 7 |  7.0
Necromancy     | 1 2 3 4 5 6 7 |  7.0
Translocations | 1 2 3 4 5 6 7 |  7.0
Transmutations | 1 2 3 4 5 6 7 |  7.0
Fire Magic     | 1 2 3 4 5 6 7 |  7.0
Ice Magic      | 1 2 3 4 5 6 7 |  7.0
Earth Magic    | 1 2 3 4 5 6 7 |  7.0
Poison Magic   | 1 2 3 4 5 6 7 |  7.0
Dodging        | 5 6 7 8 9 |  9.6
Stealth        | 5 6 7 8 9 |  9.4
Air Magic      | 6 7 8 9 |  9.0

Action                   |  1- 3 |  4- 6 |  7- 9 | 10-12 | 13-15 || total
-------------------------+-------+-------+-------+-------+-------++-------
Melee: Unarmed           |    11 |       |       |       |       ||    11
       Bite              |     8 |    16 |    19 |   114 |    62 ||   219
       Dagger            |    32 |   144 |    61 |   484 |   319 ||  1040
       Punch             |     2 |       |     9 |    53 |    37 ||   101
       Staff             |       |       |    31 |       |       ||    31
       Quarterstaff      |       |       |     1 |       |       ||     1
       Mace              |       |       |    74 |   193 |    31 ||   298
       Headbutt          |       |       |       |       |    22 ||    22
 Fire: Shortbow          |       |       |       |    18 |       ||    18
 Cast: Shock             |    46 |    24 |   131 |    38 |     1 ||   240
       Airstrike         |       |       |     6 |    80 |       ||    86
       Swiftness         |       |       |       |     4 |       ||     4
       Lightning Bolt    |       |       |       |     6 |    15 ||    21
       Summon Lightning  |       |       |       |     3 |     1 ||     4
Invok: Curse Item        |       |       |     2 |     4 |       ||     6
  Use: Scroll            |       |     5 |    14 |     5 |     4 ||    28
       Potion            |       |       |     4 |     8 |     6 ||    18
 Stab: Sleeping          |     2 |    10 |    14 |    11 |     1 ||    38
       Distracted        |       |       |     1 |     3 |     1 ||     5
       Invisible         |       |       |       |     4 |       ||     4
Armor: Robe              |     8 |       |    88 |   190 |    53 ||   339
       Leather armour    |       |    29 |     7 |       |       ||    36
Dodge: Dodged            |    24 |    96 |   211 |   635 |   226 ||  1192
